 Dungeon Crawl Stone Soup version 0.30-a0-1053-gbd8d5ba0ad (webtiles) character file.

Game seed: 11572242086128803228

130 NinjaNoafa the Chopper (level 5, -4/45 HPs)
             Began as a Hill Orc Monk on Apr 11, 2023.
             Killed by nerve-wracking pain
             ... invoked by Grinder
              (10 damage)
             ... on level 3 of the Dungeon.
             The game lasted 00:05:25 (2087 turns).

NinjaNoafa the Chopper (Hill Orc Monk)              Turns: 2087, Time: 00:05:25

Health: -4/45      AC:  7    Str: 16    XL:     5   Next: 14%
Magic:  5/5        EV: 10    Int: 10    God:
Gold:   59         SH:  0    Dex: 13    Spells: 4/4 levels left

rFire   . . .      SeeInvis .    a - +0 hand axe
rCold   . . .      Faith    .    (no shield)
rNeg    . . .      Spirit   .    s - +0 scale mail
rPois   .          Reflect  .    b - +0 helmet
rElec   .          Rampage  .    (no cloak)
rCorr   .                        (no gloves)
Will    .....                    (no boots) Stlth
                                 (no amulet)
HPRegen 0.27/turn                (no ring)
MPRegen 0.09/turn                (no ring)

@: confused, ambrosia-drunk
A: no striking features
a: no special abilities


You were on level 3 of the Dungeon.
You visited 1 branch of the dungeon, and saw 3 of its levels.

You collected 149 gold pieces.
You spent 90 gold pieces at shops.

Inventory:

Hand Weapons
 a - a +0 hand axe (weapon)
Missiles
 e - 14 poisoned darts (quivered)
Armour
 b - a +0 helmet (worn)
 s - a +0 scale mail (worn)
Scrolls
 f - 2 scrolls of noise
 g - 3 scrolls of teleportation {unknown}
 h - a scroll of immolation {unknown}
 i - a scroll of blinking {unknown}
 l - a scroll of poison {unknown}
 p - a scroll of fear {unknown}
 q - 2 scrolls of fog
 r - a scroll of enchant armour {unknown}
Potions
 d - a potion of brilliance {unknown}
 j - 2 potions of lignification
 k - a potion of might {unknown}
 m - a potion of haste {unknown}
 n - a potion of mutation {unknown}
 o - 2 potions of curing


   Skills:
 - Level 3.6 Fighting
 + Level 7.5 Axes
 - Level 2.4 Dodging
 - Level 1.5 Stealth


You had 4 spell levels left.
You didn't know any spells.
Your spell library contained the following spells:

 Spells                   Type           Power      Damage    Failure   Level
 Dazzling Flash           Conj/Hex       0%         N/A       99%         3
 Agony                    Necr           0%         N/A       100%        5
 Silence                  Hex/Air        0%         N/A       100%        5


Dungeon Overview and Level Annotations

Branches:
Dungeon (3/15)

Altars:
Makhleb

Shops:
D:3 ?

Annotations:
D:3 Grinder


Message History

Unknown command.
You hit Grinder but do no damage.
Grinder is severely wounded.
Grinder closely misses you.
You hit Grinder but do no damage.
Grinder is severely wounded.
You hit Grinder.
Grinder is severely wounded.
Grinder hits you but does no damage.
You closely miss Grinder.
Grinder is severely wounded.
Grinder barely misses you.
You closely miss Grinder.
Grinder is severely wounded.
Grinder says, "Tell me all your secrets, or I'll kill you."
Grinder barely misses you.
You hit Grinder.
Grinder is almost dead.
Grinder barely misses you.
You completely miss Grinder.
Grinder is almost dead.
Grinder gestures at you.
You barely resist. You barely miss Grinder.
Grinder is almost dead.
Grinder hits you.
* * * LOW HITPOINT WARNING * * *
You writhe in agony.
* * * LOW HITPOINT WARNING * * *
You hit Grinder but do no damage.
Grinder is almost dead.
Grinder gestures at you. Pain shoots through your body!
* * * LOW HITPOINT WARNING * * *
Unknown command.
You are confused.
You feel invigorated. Grinder gestures at you. Pain shoots through your body!
You die...

#.........## #..
............ ..#
...........# #.#
8..........# #.+ .8.##
#.##.# #.# ..8# #.##.#
#.## .8.#
#.##.####..###+### 8..#
##.##......5.......
...###.....####.@.......
.#.#....#### ##########
.#>....## .####### .# ##


You could see Grinder.

Vanquished Creatures
  3 gnolls (D:2)
  3 adders
  A dart slug (D:1)
  3 worms (D:2)
  An orc (D:3)
  3 endoplasms
  4 giant cockroaches
  6 goblins
  10 hobgoblins
  2 jackals (D:1)
  6 kobolds
  2 quokkas
  4 ball pythons
  5 bats
  5 frilled lizards
  3 rats
  A spectral hobgoblin (D:1)
62 creatures vanquished.

Notes
Turn   | Place    | Note
-------+----------+-------------------------------------------
     0 | D:1      | NinjaNoafa the Hill Orc Monk began the quest for the Orb.
     0 | D:1      | Reached XP level 1. HP: 19/19 MP: 1/1
    50 | D:1      | Found a faded altar of an unknown god.
   177 | D:1      | Reached XP level 2. HP: 7/26 MP: 2/2
   391 | D:1      | Reached skill level 5 in Axes
   498 | D:1      | Reached XP level 3. HP: 31/31 MP: 3/3
  1050 | D:2      | Reached skill level 6 in Axes
  1195 | D:2      | Reached XP level 4. HP: 15/39 MP: 4/4
  1691 | D:2      | Reached skill level 7 in Axes
  1916 | D:3      | Reached XP level 5. HP: 42/45 MP: 5/5
  1926 | D:3      | Found a burning altar of Makhleb.
  2006 | D:3      | Found Leisew's Magic Scroll Boutique.
  2020 | D:3      | Bought a scroll of identify for 20 gold pieces
  2020 | D:3      | Bought a scroll of identify for 20 gold pieces
  2020 | D:3      | Bought a scroll of noise for 10 gold pieces
  2020 | D:3      | Bought a scroll of fog for 40 gold pieces
  2052 | D:3      | Noticed Grinder
  2086 | D:3      | HP: 1/45 [Grinder/nerve-wracking pain (8)]
  2087 | D:3      | Killed from afar by Grinder

Illustrated notes

Levels and vault maps discovered:
D:1:      wander_arrival_peaceful_grave, layout_basic,
          dreamdust_ecumenical_altar_drowned_temple, minivault_24,
          chequers_serial_rivers_small_b, minmay_cupped
D:2:      layout_loops_ring, minmay_misc_feat_encased, minmay_ruptured
D:3:      minmay_general_purpose_star, layout_basic, lemuel_crystal_altar,
          serial_shops, nicolae_diamond_shop, minivault_24, minmay_box_of_dots,
          uniq_crazy_yiuf_cottage, uniq_grinder

Skill      XL: |  1  2  3  4 |
---------------+-------------+-----
Axes           | 5 6 7 |  7.5
Fighting       | |  3.6
Dodging        | |  2.4
Stealth        | |  1.5

Action                     |  1- 3 |  4- 6 || total
---------------------------+-------+-------++-------
  Melee: Hand axe          |   147 |   161 ||   308
         Punch             |       |     2 ||     2
    Use: Scroll            |       |     2 ||     2
         Potion            |       |     2 ||     2
   Stab: Sleeping          |     2 |       ||     2
 Armour: Robe              |    10 |       ||    10
         Ring mail         |    30 |    24 ||    54
         Scale mail        |       |    24 ||    24
  Dodge: Dodged            |    90 |    64 ||   154

Table legend: (Time is in decaauts)
 A = Elapsed time spent in this place.
 B = Non-inter-level travel time spent in this place.
 C = Inter-level travel time spent in this place.
 D = Time resting spent in this place.
 E = Time spent auto-exploring this place.
 F = Levels seen in this place.
 G = Mean time per level.
                   A        B        C        D        E       F      G
               +--------+--------+--------+--------+--------+-----+--------+
         Total |   2101 |   1932 |    169 |      0 |   1160 |   3 |  700.3 |
       Dungeon |   2101 |   1932 |    169 |      0 |   1160 |   3 |  700.3 |
               +--------+--------+--------+--------+--------+-----+--------+

Top non-repeatable levels by time:
     D:1: 930 daAuts
     D:2: 837 daAuts
     D:3: 333 daAuts
